 Dungeon Crawl Stone Soup version 0.30.1-11-g7821555f0a (webtiles) character file.

Game seed: 16254676093151989585

7494 pkoi the Grappler (level 10, -1/77 HPs)
             Began as a Black Draconian Monk on Nov 3, 2023.
             Was a Priest of Hepliaklqana.
             Killed themself with a bounced orb of electricity (12 damage)
             ... on level 9 of the Dungeon.
             The game lasted 00:13:55 (8298 turns).

pkoi the Grappler (Black Draconian Monk)            Turns: 8298, Time: 00:13:55

Health: -1/77      AC: 10    Str: 14    XL:     10   Next: 95%
Magic:  15/16      EV: 19    Int: 21    God:    Hepliaklqana [***...]
Gold:   585        SH:  5    Dex: 13    Spells: 14/17 levels left

rFire   . . .        h - +6 dagger (spect)
rCold   . . .        b - orb {light}
rNeg    . . .        (body armour unavailable)
rPois   .            n - +2 hat {SInv}
rElec   +            A - +0 cloak
rCorr   .            (no gloves)
SInv    +            (no boots)
Will    .....        t - amulet of reflection
Stlth   +            g - +6 ring of intelligence
HPRegen 0.32/turn    k - +5 ring of evasion
MPRegen 0.15/turn

%: reflection
@: lethally poisoned (-1 -> -7), glowing, studying Air Magic
A: reduced essence, breathe lightning, AC +7, unfitting armour, electricity
resistance, cold-blooded
a: Breathe Lightning, Renounce Religion, Recall Ancestor, Ancestor Identity,
Transference


You were on level 9 of the Dungeon.
You worshipped Hepliaklqana.
Hepliaklqana was most pleased with you.
You visited 2 branches of the dungeon, and saw 10 of its levels.

You collected 624 gold pieces.
You spent 39 gold pieces at shops.

Inventory:

Hand Weapons
 h - a +6 spectral dagger (weapon)
Missiles
 m - 18 poisoned darts (quivered)
 C - a throwing net
Armour
 b - an orb of light (worn)
 n - a +2 hat of see invisible (worn)
 A - a +0 cloak (worn)
Jewellery
 g - a +6 ring of intelligence (left hand)
 k - a +5 ring of evasion (right hand)
 l - a ring of protection from cold
 t - an amulet of reflection (around neck)
 v - a ring of resist corrosion
 y - a ring of see invisible
Wands
 w - a wand of flame (13)
 x - a wand of digging (2)
 F - a wand of charming (10)
Scrolls
 f - a scroll of blinking
 i - 3 scrolls of identify
 o - a scroll of silence {unknown}
 s - a scroll of magic mapping
 u - a scroll of fear
 z - a scroll of amnesia
 B - 2 scrolls of teleportation
 D - a scroll of enchant weapon
 E - a scroll of torment {unknown}
Potions
 a - a potion of ambrosia
 c - 3 potions of curing
 d - a potion of resistance
 e - 3 potions of heal wounds
 j - 3 potions of flight
 p - a potion of brilliance
 q - 2 potions of haste
 r - 3 potions of lignification


   Skills:
 - Level 7.0 Fighting
 - Level 6.0 Dodging
 + Level 2.9 Stealth
 + Level 11.4 Unarmed Combat
 + Level 4.1 Spellcasting
 - Level 3.0 Translocations
 + Level 8.5 Air Magic
 + Level 3.7 Poison Magic
 + Level 3.9 Invocations


You had 14 spell levels left.
You knew the following spells:

 Your Spells              Type           Power      Damage    Failure   Level
a - Apportation           Tloc           32%        N/A       3%          1
b - Poisonous Vapours     Pois/Air       60%        N/A       1%          2

Your spell library contained the following spells:

 Spells                   Type           Power      Damage    Failure   Level
 Sting                    Tmut/Pois      48%        1d5       5%          1
 Foxfire                  Conj/Fire      16%        2x1d4     12%         1
 Necrotise                Necr           16%        1d4       12%         1
 Summon Small Mammal      Summ           16%        N/A       12%         1
 Olgreb's Toxic Radiance  Pois           20%        N/A       26%         4
 Petrify                  Tmut/Erth      4%         N/A       75%         4
 Fireball                 Conj/Fire      2%         3d4       97%         5
 Metabolic Englaciation   Hex/Ice        2%         N/A       97%         5
 Plasma Beam              Fire/Air       11%        2x1d24    97%         6
 Starburst                Conj/Fire      2%         6d3       100%        6
 Statue Form              Tmut/Erth      2%         N/A       100%        6
 Discord                  Hex            2%         N/A       100%        8
 Ignition                 Fire           2%         3d3       100%        8


Dungeon Overview and Level Annotations

Branches:
Dungeon (9/15)             Temple (1/1) D:6
   Lair: D:8-11         Orc: D:9-12

Altars:
Ashenzari
Cheibriados
Elyvilon
Fedhas
Gozag
Hepliaklqana
Kikubaaqudgha
Makhleb
Nemelex Xobeh
Okawaru
Qazlal
Ru
Sif Muna
Trog
Uskayaw
Vehumet
Wu Jian
Xom
Yredelemnul
Zin
The Shining One
Jiyva

Shops:
D:2 !   D:5 [

Annotations:
D:2 1 runed translucent door, Crazy Yiuf
D:7 2 transporters
D:8 3 runed translucent doors, odbg100's ghost, novice MiFi


Innate Abilities, Weirdness & Mutations

Your life essence is reduced to manifest your ancestor. (-10% HP)
You can breathe wild blasts of lightning.
Your glossy black scales are hard. (AC +7)
You cannot fit into any form of body armour.
You are resistant to electric shocks. (rElec)
You are cold-blooded and may be slowed by cold attacks.


Message History

The killer bee is lightly wounded.
Your +6 spectral dagger hits the killer bee!
The killer bee stings your +6 spectral dagger.
Your spectral weapon shares its damage with you!
* * * LOW HITPOINT WARNING * * *
The killer bee misses you.
The killer bee closely misses your +6 spectral dagger.
The killer bee stings you.
* * * LOW HITPOINT WARNING * * *
You are poisoned.
The killer bee poisons you!
You feel better.
Your +6 spectral dagger disappears.
The killer bee stings you.
* * * LOW HITPOINT WARNING * * *
The killer bee completely misses you. The killer bee closely misses you.
An orc wizard comes into view. It is wielding a +0 dagger.
You hit the killer bee but do no damage.
Your tail-slap misses the killer bee.
The killer bee is severely wounded.
The killer bee closely misses you. You block the killer bee's attack. x2
The killer bee barely misses you.
Unknown command.
Unknown command.
You barely miss the killer bee. You tail-slap the killer bee.
The killer bee is almost dead.
You kill the killer bee!
The killer bee stings you.
* * * LOW HITPOINT WARNING * * *
You are poisoned.
The killer bee poisons you! The killer bee completely misses you.
The orc wizard casts a spell.
The orc wizard flickers and vanishes for a moment.
Activating: Breathe Lightning (3% risk of failure)
Press: ? - help, Dir - look around, f - activate You breathe a wild blast of lightning!
The orb of electricity explodes!
The orb of electricity engulfs the killer bee.
The killer bee is almost dead.
The orb of electricity engulfs you! You resist.
You die...

#.# #.#
#######.#
#....##.#
#..Y.##.#
.y.##..yy##.#
# #y.YYu.##.#
##$#
#....##<#.#...
.......
#.#@#.####.
.#.....
#.#y†......
#.....
#.#o##.##..
##.... #...# #
####....$?#
#####... ##..#
##>. ###


You could see a killer bee and an orc wizard (invisible).

Vanquished Creatures
  Pikel (D:4)
  A kobold demonologist (D:7)
  A hornet (D:7)
  9 yaks (D:9)
  2 wyverns
  An acid dragon (D:5)
  Edmund (D:5)
  An orc warrior (D:8)
  An ice beast (D:7)
  A sky beast (D:4)
  2 black bears
  2 centaurs (D:5)
  A phantom (D:5)
  4 bullfrogs
  A scorpion (D:6)
  10 wights
  13 killer bees
  2 howler monkeys
  2 jellies
  4 orc priests
  A hound (D:6)
  A gnoll bouda (D:5)
  2 sleepcaps
  4 iguanas
  Ijyb (D:5)
  3 orc wizards
  15 gnolls
  9 adders
  2 shadow imps
  2 white imps (D:6)
  3 worms
  5 dart slugs
  17 orcs
  6 ball pythons
  4 endoplasms
  3 giant cockroaches
  8 goblins
  4 hobgoblins
  3 jackals (D:1)
  12 kobolds
  4 quokkas
  7 bats
  4 frilled lizards
  3 rats
183 creatures vanquished.

Vanquished Creatures (collateral kills)
  An ugly thing (D:9)
  A yak (D:9)
  A steam dragon (D:6)
  A water moccasin (D:8)
  An orc warrior (D:8)
  A sky beast (D:6)
  An ogre (D:6)
  A bullfrog (D:7)
  A kobold brigand (D:8)
  2 scorpions
  3 wights (D:7)
  2 killer bees (D:7)
  A jelly (D:6)
  2 hounds (D:7)
  An iguana (D:6)
  2 orc wizards
  3 gnolls (D:6)
  2 orcs (D:7)
  3 kobolds (D:8)
30 creatures vanquished.

Vanquished Creatures (others)
  4 hexers
  A spectral weapon (D:9)
5 creatures vanquished.

Grand Total: 218 creatures vanquished

Notes
Turn   | Place    | Note
-------+----------+-------------------------------------------
     0 | D:1      | pkoi the Draconian Monk began the quest for the Orb.
     0 | D:1      | Reached XP level 1. HP: 19/19 MP: 1/1
   177 | D:1      | Reached XP level 2. HP: 23/26 MP: 2/2
   359 | D:1      | Reached skill level 4 in Unarmed Combat
   619 | D:2      | Found Xeemiana's Distillery.
   751 | D:2      | Reached XP level 3. HP: 31/31 MP: 3/3
  1122 | D:2      | Identified the +6 dagger "Edump" {venom, rF+ Will+ Int-5}
  1150 | D:2      | Reached XP level 4. HP: 38/38 MP: 4/4
  1201 | D:2      | Found a runed translucent door.
  1202 | D:2      | Noticed Crazy Yiuf
  1247 | D:2      | Reached skill level 5 in Unarmed Combat
  1665 | D:2      | Bought a potion of curing for 39 gold pieces
  1938 | D:3      | Identified a scroll of acquirement
  1938 | D:3      | Acquired a +2 hat of see invisible
  2245 | D:3      | Reached XP level 5. HP: 44/45 MP: 5/5
  2513 | D:4      | Noticed a sky beast
  2529 | D:4      | Reached skill level 6 in Unarmed Combat
  2540 | D:4      | Killed a sky beast
  2711 | D:4      | Reached XP level 6. HP: 51/51 MP: 6/6
  2725 | D:4      | Reached skill level 7 in Unarmed Combat
  2922 | D:4      | You fall into a shaft and drop 1 floor!
  2922 | D:5      | Entered Level 5 of the Dungeon
  2924 | D:5      | Noticed Ijyb
  2945 | D:5      | Killed Ijyb
  3148 | D:5      | Reached skill level 8 in Unarmed Combat
  3148 | D:5      | Your scales start taking on a glossy black colour.
  3148 | D:5      | Reached XP level 7. HP: 46/57 MP: 7/7
  3148 | D:5      | Gained mutation: You are resistant to electric shocks.
                  | (rElec) [Black Draconian growth]
  3159 | D:5      | Learned a level 1 spell: Apportation
  3162 | D:5      | Learned a level 2 spell: Poisonous Vapours
  3626 | D:5      | Noticed Pikel
  3656 | D:4      | Killed Pikel
  3657 | D:4      | Reached skill level 5 in Fighting
  3657 | D:4      | Reached skill level 9 in Unarmed Combat
  3657 | D:4      | Reached XP level 8. HP: 28/68 MP: 8/8
  4102 | D:5      | Noticed Edmund
  4123 | D:5      | Killed Edmund
  4176 | D:5      | Found Fetzu's Armour Shop.
  4452 | D:6      | Reached skill level 5 in Dodging
  4517 | D:6      | Found a staircase to the Ecumenical Temple.
  4527 | Temple   | Entered the Ecumenical Temple
  4569 | Temple   | Became a worshipper of Hepliaklqana the Forgotten
  4569 | Temple   | Reached * piety under Hepliaklqana
  4569 | Temple   | Reached ** piety under Hepliaklqana
  4618 | D:6      | Remembered your ancestor Hsekiu as a hexer
  4639 | D:6      | Reached XP level 9. HP: 58/70 MP: 9/9
  4915 | D:6      | Found a broken altar of Ashenzari.
  4916 | D:6      | Found an opulent altar of Gozag.
  4952 | D:6      | Reached skill level 10 in Unarmed Combat
  5414 | D:6      | Reached skill level 1 in Air Magic
  5603 | D:6      | Reached skill level 1 in Spellcasting
  5685 | D:7      | Found a transporter.
  5928 | D:7      | Noticed a kobold demonologist
  5930 | D:7      | Noticed a smoke demon
  5980 | D:7      | Killed a kobold demonologist
  5997 | D:7      | Reached skill level 5 in Air Magic
  6066 | D:7      | Reached skill level 1 in Translocations
  6066 | D:7      | Reached skill level 1 in Poison Magic
  6215 | D:7      | Found a transporter.
  6254 | D:7      | Reached *** piety under Hepliaklqana
  6465 | D:7      | Reached XP level 10. HP: 73/77 MP: 14/14
  6628 | D:8      | Paralysed by a hornet for 3 turns
  6641 | D:7      | Reached skill level 1 in Invocations
  6909 | D:8      | Reached skill level 11 in Unarmed Combat
  7190 | D:8      | Found a runed translucent gate.
  7190 | D:8      | Found a runed translucent gate.
  7190 | D:8      | Found a runed translucent gate.
  7194 | D:8      | Found a viscous altar of Jiyva.
  7194 | D:8      | Noticed odbg100's ghost (novice MiFi)
  7589 | D:9      | Noticed a white ugly thing
  8286 | D:9      | Killed a white ugly thing
  8298 | D:9      | Killed themself with a bounced orb of electricity

Illustrated notes

Levels and vault maps discovered:
D:1:      dpeg_arrival_radiant, layout_loops_ring, st_stairs_13,
          due_unseen_surprise
D:2:      layout_loops_cross, serial_shops, shop, chequers_arboretum,
          uniq_crazy_yiuf_cottage
D:3:      layout_loops_cross
D:4:      layout_rooms
D:5:      minmay_general_purpose_star, layout_gridville, serial_shops, shop,
          wad_floor_pattern_1, uniq_edmund, uniq_ijyb, uniq_pikel
D:6:      layout_cave_pods, gammafunk_temple_overflow_pools,
          minmay_temple_entry_stoned_glass
D:7:      gammafunk_steamed_eel, layout_gridville
D:8:      layout_rooms, gammafunk_ghost_ooze, roderic_lattice_a
D:9:      layout_basic
Temple:   hellmonk_temple_of_storms

Skill      XL: |  1  2  3  4  5  6  7  8  9 10 |
---------------+-------------------------------+-----
Unarmed Combat | 4 5 6 8 9 10 11 | 11.4
Dodging        | 4 5 6 |  6.0
Fighting       | 5 6 7 |  7.0
Air Magic      | 6 8 |  8.5
Spellcasting   | 3 4 |  4.1
Translocations | 1 3 |  3.0
Poison Magic   | 1 3 |  3.7
Invocations    | 3 |  3.9
Stealth        | 2 |  2.9

Action                     |  1- 3 |  4- 6 |  7- 9 | 10-12 || total
---------------------------+-------+-------+-------+-------++-------
  Melee: Unarmed           |   109 |    28 |       |       ||   137
         Tailslap          |    14 |    21 |    49 |    41 ||   125
         Dagger            |       |   101 |   239 |   162 ||   502
  Throw: Dart              |       |       |     5 |       ||     5
   Cast: Poisonous Vapours |       |       |       |     4 ||     4
 Invoke: Ancestor Life: He |       |       |     1 |       ||     1
         Recall Ancestor   |       |       |     4 |     2 ||     6
Ability: Breathe Lightning |       |       |       |     4 ||     4
    Use: Scroll            |       |    15 |     8 |     2 ||    25
         Potion            |       |     1 |       |     1 ||     2
   Stab: Distracted        |       |       |    10 |     9 ||    19
         Confused          |       |       |     1 |       ||     1
         Sleeping          |       |       |       |     1 ||     1
 Armour: Skin              |    29 |    28 |    40 |    32 ||   129
  Dodge: Dodged            |    96 |    58 |   191 |   157 ||   502
  Block: Orb               |       |     7 |    44 |    31 ||    82
         Reflection        |       |     1 |     1 |     2 ||     4
